 Dungeon Crawl Stone Soup version 0.30-b1-2-g02819fbbbe (webtiles) character file.

Game seed: 9701563426126318499

790 dorian the Chopper (level 8, -5/60 (64) HPs)
             Began as a Formicid Fighter on May 19, 2023.
             Was a Follower of Okawaru.
             Slain by a wight
             ... wielding a +0 halberd
              (14 damage)
             ... on level 6 of the Dungeon.
             The game lasted 00:04:53 (4032 turns).

dorian the Chopper (Formicid Fighter)               Turns: 4032, Time: 00:04:54

HP:   -5/60 (64)    AC:  8    Str: 23    XL:     8   Next: 12%
MP:   8/8           EV:  9    Int:  8    God:    Okawaru [*.....]
Gold: 202           SH: 10    Dex: 13    Spells: 7/7 levels left

rFire   . . .        a - +1 war axe
rCold   . . .        c - +0 buckler
rNeg    . . .        b - +1 scale mail
rPois   .            (helmet unavailable)
rElec   .            (no cloak)
rCorr   .            (no gloves)
SInv    +            (no boots)
Will    .....        h - amulet of reflection Stlth
                     (no ring)
HPRegen 0.30/turn    (no ring)
MPRegen 0.11/turn

%: reflection
@: drained
A: permanent stasis, dig shafts and tunnels, antennae 3, four strong arms
a: Dig, Shaft Self, Renounce Religion, Heroism


You were on level 6 of the Dungeon.
You worshipped Okawaru.
Okawaru was aware of your devotion.
You visited 2 branches of the dungeon, and saw 7 of its levels.

You collected 202 gold pieces.

Inventory:

Hand Weapons
 a - a +1 war axe (weapon)
Armour
 b - a +1 scale mail (worn)
 c - a +0 buckler (worn)
 j - a +0 chain mail
Jewellery
 h - an amulet of reflection (around neck)
 n - an amulet of magic regeneration
Wands
 i - a wand of polymorph (7)
 m - a wand of roots (7)
 q - a wand of digging (7)
Scrolls
 e - a scroll of enchant armour
 k - 2 scrolls of enchant weapon
Potions
 d - 2 potions of might
 f - 2 potions of mutation
 g - 2 potions of cancellation
 l - a potion of resistance
 o - a potion of brilliance
 p - a potion of curing {unknown}


   Skills:
 + Level 5.6 Fighting
 * Level 6.3 Axes
 + Level 5.6 Armour
 - Level 4.0 Shields


You had 7 spell levels left.
You didn't know any spells.
Your spell library contained the following spells:

 Spells                   Type           Power      Damage    Failure   Level
 Apportation              Tloc           0%         N/A       77%         1
 Necrotise                Necr           0%         1d4       77%         1
 Summon Small Mammal      Summ           Unusable   N/A       N/A         1

Dungeon Overview and Level Annotations

Branches:
Dungeon (6/15)             Temple (1/1) D:4

Altars:
Ashenzari
Cheibriados
Dithmenos
Elyvilon
Fedhas
Gozag
Hepliaklqana
Kikubaaqudgha
Makhleb
Nemelex Xobeh
Okawaru
Qazlal
Ru
Sif Muna
Trog
Uskayaw
Vehumet
Xom
Yredelemnul
Zin

Shops:
D:1 *


Innate Abilities, Weirdness & Mutations

You cannot be hasted, slowed, berserked, paralysed or teleported.
You can dig through walls and to a lower floor.
You have a pair of large antennae on your head. (SInv)
Your four strong arms can wield two-handed weapons with a shield.


Message History

You hit the jelly.
You kill the jelly!
Okawaru accepts your kill.
You have reached level 8!
You feel stronger.
A wight comes into view. It is wielding a +3 battleaxe.
A wight is nearby!
A wight comes into view. It is wielding a +0 halberd.
Found 10 gold pieces.
You hit the wight.
The wight is lightly damaged.
The wight hits you with a +3 battleaxe.
You feel drained.
You slash the wight!
The wight is heavily damaged.
The wight hits you with a +3 battleaxe!
You feel drained. The wight closely misses you.
The wight hits you with a +3 battleaxe.
You feel drained. You block the wight's attack.
You barely miss the wight.
The wight is heavily damaged.
The wight hits you with a +3 battleaxe! The wight closely misses you.
You slice the wight!!
You destroy the wight!
Okawaru accepts your kill. You block the wight's attack.
The wight hits you with a +0 halberd!
Things that are here:
a +3 battleaxe; a +0 robe You are too injured to fight recklessly!
You hit the wight.
The wight is heavily damaged.
You block the wight's attack.
You slash the wight!
The wight is almost destroyed.
The wight hits you with a +0 halberd!
* * * LOW HITPOINT WARNING * * *
Okay, then.
You barely miss the wight.
The wight is almost destroyed.
The wight hits you but does no damage. The wight hits you with a +0 halberd!
You die...

#... .##.... .# .......
.# ......# .# ...#..## .#
...#...## .# ####
.....#..####### .#.....
...^..........####...#
......#.....#..z@....#
.............######.#...≈
...##......#.).## # .
.....#.....###).##
...#.......# ##<.#
....###...)# ##....#
....# #....# .....# ....#
###### #....# ....#
......


You could see a wight.

Vanquished Creatures
  A black bear (D:4)
  An ogre (D:5)
  A phantom (D:4)
  A kobold brigand (D:6)
  A scorpion (D:4)
  A wight (D:6)
  A howler monkey (D:5)
  A jelly (D:6)
  3 hounds (D:5)
  An orc priest (D:4)
  An orc wizard (D:4)
  3 adders
  3 worms
  4 dart slugs
  13 orcs
  6 bats
  3 endoplasms (D:4)
  7 giant cockroaches
  3 goblins
  6 hobgoblins
  5 jackals
  5 quokkas
  5 ball pythons
  6 frilled lizards
  18 kobolds
  4 rats
104 creatures vanquished.

Notes
Turn   | Place    | Note
-------+----------+-------------------------------------------
     0 | D:1      | dorian the Formicid Fighter began the quest for the Orb.
     0 | D:1      | Reached XP level 1. HP: 18/18 MP: 1/1
   157 | D:1      | Reached XP level 2. HP: 24/24 MP: 2/2
   196 | D:1      | Found Ucemi's Assorted Antiques.
   515 | D:1      | Noticed an eye of devastation
   518 | D:1      | Noticed a golden eye
   520 | D:1      | Found a faded altar of an unknown god.
   523 | D:1      | Noticed a golden eye
   554 | D:1      | Noticed a golden eye
  1038 | D:2      | Reached XP level 3. HP: 29/29 MP: 3/3
  1119 | D:2      | Reached skill level 3 in Axes
  1267 | D:2      | Reached XP level 4. HP: 36/37 MP: 4/4
  2143 | D:4      | Noticed a phantom
  2155 | D:4      | Killed a phantom
  2156 | D:4      | Reached skill level 4 in Axes
  2156 | D:4      | Reached XP level 5. HP: 41/42 MP: 5/5
  2284 | D:4      | Reached XP level 6. HP: 45/49 MP: 6/6
  2479 | D:4      | Found a staircase to the Ecumenical Temple.
  2482 | D:4      | Noticed a black bear
  2490 | D:4      | Killed a black bear
  2494 | Temple   | Entered the Ecumenical Temple
  2592 | Temple   | Became a worshipper of Warmaster Okawaru
  2840 | D:4      | Found a sacrificial altar of Ru.
  2840 | D:4      | Found a faded altar of an unknown god.
  2845 | D:4      | Reached skill level 5 in Axes
  2848 | D:4      | Found a white marble altar of Elyvilon.
  2850 | D:4      | Found a faded altar of an unknown god.
  2852 | D:4      | Found a snail-covered altar of Cheibriados.
  2886 | D:5      | Entered Level 5 of the Dungeon
  2886 | D:5      | Noticed an ogre
  2907 | D:4      | Reached XP level 7. HP: 48/55 MP: 7/7
  2959 | D:5      | Reached skill level 5 in Fighting
  2959 | D:5      | Reached skill level 5 in Armour
  3414 | D:5      | Reached * piety under Okawaru
  3942 | D:6      | Reached skill level 6 in Axes
  3979 | D:6      | Reached XP level 8. HP: 57/63 MP: 8/8
  4032 | D:6      | Slain by a wight

Illustrated notes

Levels and vault maps discovered:
D:1:      dpeg_arrival_shelter, layout_basic,
          hellmonk_ecumenical_altar_watching_god, serial_shops,
          nicolae_shop_stone
D:2:      layout_basic, minmay_tetromino_t2
D:3:      layout_basic
D:4:      nicolae_cairo_tiling, layout_rooms,
          chequers_temple_overflow_minitemple, minmay_temple_entry_trees
D:5:      layout_basic
D:6:      layout_rooms, nicolae_wu_jian_wuxing_cycle, uniq_crazy_yiuf_cottage
Temple:   minmay_temple_bridge_d

Skill      XL: |  1  2  3  4  5  6  7 |
---------------+----------------------+-----
Axes           | 3 4 5 6 |  6.3
Armour         | 4 5 |  5.6
Fighting       | 4 5 |  5.6
Shields        | |  4.0

Action                     |  1- 3 |  4- 6 |  7- 9 || total
---------------------------+-------+-------+-------++-------
  Melee: War axe           |   111 |    99 |    76 ||   286
    Use: Scroll            |       |     6 |     3 ||     9
 Armour: Scale mail        |    44 |    39 |    16 ||    99
  Dodge: Dodged            |    36 |    42 |    20 ||    98
  Block: Buckler           |    52 |    56 |    45 ||   153
         Reflection        |       |     3 |     2 ||     5
